 Dungeon Crawl Stone Soup version 0.19-a0-1091-g463c9de (webtiles) character file.

732 Kidiri the Magician (level 7, -3/55 HPs)
             Began as a Deep Elf Fire Elementalist on Aug 7, 2016.
             Was an Initiate of Vehumet.
             Slain by Pikel
             ... wielding a +0 whip of flaming
              (5 damage)
             ... on level 5 of the Dungeon.
             The game lasted 00:15:11 (5703 turns).

Kidiri the Magician (Deep Elf Fire Elementalist)    Turns: 5703, Time: 00:15:11

Health: -3/55      AC: 23    Str:  5      XL:     7   Next: 45%
Magic:  2/19       EV:  2    Int: 22      God:    Vehumet [......]
Gold:   209        SH:  0    Dex: 14 (15) Spells: 6 memorised, 2 levels left

rFire  . . .     SeeInvis .     p - +3 dagger (speed)
rCold  . . .     Gourm    .     (armour currently unavailable)
rNeg   + + +     Faith    .     (no shield)
rPois  +         Spirit   .     (helmet currently unavailable)
rElec  .         Dismiss  .     (cloak currently unavailable)
rCorr  .         Reflect  .     (gloves currently unavailable)
SustAt .         Harm     .     (boots currently unavailable)
MR     .....     NoTele   +     (no amulet)
Stlth  +++.......               (no ring)
                                (no ring)

@: tree-form
A: no striking features
a: Renounce Religion


You were on level 5 of the Dungeon.
You worshipped Vehumet.
Vehumet was noncommittal.
You were hungry.
You were a tree.
You visited 2 branches of the dungeon, and saw 6 of its levels.

You collected 209 gold pieces.

Inventory:

Hand Weapons
 p - a +3 dagger of speed (weapon)
Armour
 a - a +0 robe (melded)
 t - a +0 helmet (melded)
 x - a +0 cloak (melded)
Wands
 s - a wand of lightning (0/15)
Scrolls
 k - a scroll of magic mapping
 n - 2 scrolls of teleportation
 r - 2 scrolls of remove curse
Potions
 m - a potion of lignification
Books
 b - a book of Flames

   Spells                             Type                      Level
   a - Flame Tongue                   Conjuration/Fire             1
   b - Throw Flame                    Conjuration/Fire             2
   c - Conjure Flame                  Conjuration/Fire             3
   d - Inner Flame                    Hexes/Fire                   3
   e - Sticky Flame                   Conjuration/Fire             4
   f - Fireball                       Conjuration/Fire             5
Comestibles
 c - 5 bread rations
 d - 3 chunks of flesh
 f - 2 meat rations
 g - 3 fruits
 q - a beef jerky


   Skills:
 + Level 0.7 Fighting
 + Level 1.5 Short Blades
 + Level 1.0 Armour
 + Level 3.0 Dodging
 - Level 2.4 Stealth
 * Level 7.2 Spellcasting
 + Level 4.2 Conjurations
 + Level 5.0 Fire Magic
 + Level 1.8 Evocations


You had 2 spell levels left.
You knew the following spells:

 Your Spells              Type           Power        Failure   Level  Hunger
a - Flame Tongue          Conj/Fire      ####.        1%          1    None
b - Throw Flame           Conj/Fire      ####..       1%          2    None
c - Conjure Flame         Conj/Fire      ####....     3%          3    None
d - Inner Flame           Hex/Fire       ###.....     12%         3    None
e - Sticky Flame          Conj/Fire      ####....     12%         4    ###....
f - Fireball              Conj/Fire      ####......   34%         5    #####..


Dungeon Overview and Level Annotations

Branches:
Dungeon (5/15)             Temple (1/1) D:4

Altars:
Cheibriados
Dithmenos
Elyvilon
Gozag
Hepliaklqana
Makhleb
Nemelex Xobeh
Okawaru
Pakellas
Sif Muna
Trog
Uskayaw
Vehumet
Xom
Yredelemnul
Zin
The Shining One

Annotations:
D:5 exclusion: crimson imp, Pikel


Message History

The flame tongue hits Pikel.
Pikel is moderately wounded.
Pikel hits you with a whip of flaming!
* * * LOW HITPOINT WARNING * * *
Pikel burns you.
* * * LOW HITPOINT WARNING * * *
Pikel hits you but does no damage.
You cannot teleport because you are held in place by your roots.
Evoke which item? (* to show all) (? for menu, Esc to quit)
Zapping:
s - a wand of lightning (will waste charges)
Press: ? - help, Shift-Dir - straight line, p - Pikel You hear a mighty clap of thunder!
The bolt of lightning hits Pikel.
Pikel is moderately wounded.
The bolt of lightning hits the slave.
The slave is moderately wounded.
The bolt of lightning misses the slave.
Evoking this partially-identified wand wasted a few charges.
Pikel hits you with a whip of flaming.
You die...

..ppp.p[.............>#
..#####.......####.##.#
#.#####.####.##.#
##.p...p...##....# ###
#.....##.#......## #_#
#.....##p#.#..###
##.######.....##p#....#######
#...#...#.....##K#..........#
#...###.......##♣#.#####....#
.....###......##.#...###....#####
.....###......##.###............#
..8....#########.. .............#
..#......##### #.# ##...........#
8###8.....('.# #.# #...........#
..#......###.###.####...........#
..8....###...#....(##.......)...#
.....######.##.#.#.##...........#


You could see Pikel (berserk) and 3 slaves.

Vanquished Creatures
  A slave (D:5)
  2 scorpions
  A howler monkey (D:5)
  A giant frog zombie (D:5)
  A crimson imp (D:5)
  2 hounds (D:5)
  2 orc priests
  Crazy Yiuf (D:4)
  Terence (D:2)
  3 worker ants
  2 worker ant zombies (D:5)
  A gnoll (D:1)
  12 adders
  A howler monkey skeleton (D:5)
  An ooze (D:2)
  A worm (D:2)
  2 dart slugs
  6 giant geckos
  16 orcs
  2 ball pythons
  9 bats
  8 giant cockroaches
  12 goblins
  4 hobgoblins
  8 jackals
  4 quokkas
  A giant gecko zombie (D:5)
  4 giant newts
  6 kobolds
  13 rats
128 creatures vanquished.

Notes
Turn   | Place    | Note
-------+----------+-------------------------------------------
     0 | D:1      | Kidiri the Deep Elf Fire Elementalist began the quest for the Orb.
     0 | D:1      | Reached XP level 1. HP: 10/10 MP: 6/6
   145 | D:1      | Reached XP level 2. HP: 15/15 MP: 5/8
   149 | D:1      | Learned a level 2 spell: Throw Flame
   477 | D:1      | Reached skill level 4 in Spellcasting
   514 | D:1      | Reached XP level 3. HP: 19/19 MP: 2/10
   520 | D:1      | Learned a level 3 spell: Conjure Flame
   528 | D:1      | Learned a level 3 spell: Inner Flame
   889 | D:2      | Noticed Terence
   906 | D:2      | Killed Terence
   906 | D:2      | Reached XP level 4. HP: 12/24 MP: 3/12
  1488 | D:2      | Reached skill level 5 in Spellcasting
  1696 | D:2      | Learned a level 4 spell: Sticky Flame
  1934 | D:2      | Found a burning altar of Makhleb.
  1934 | D:2      | Noticed an Executioner
  2258 | D:2      | Reached XP level 5. HP: 27/28 MP: 10/14
  2632 | D:3      | Reached skill level 6 in Spellcasting
  2807 | D:3      | Found a snail-covered altar of Cheibriados.
  2820 | D:3      | Found an opulent altar of Gozag.
  2887 | D:3      | Found a shadowy altar of Dithmenos.
  3020 | D:3      | Reached XP level 6. HP: 30/32 MP: 6/17
  3372 | D:4      | Found a staircase to the Ecumenical Temple.
  3381 | Temple   | Entered the Ecumenical Temple
  3978 | D:4      | Found a runed door.
  4090 | D:4      | Learned a level 5 spell: Fireball
  4291 | D:4      | Noticed Crazy Yiuf
  4295 | D:4      | Killed Crazy Yiuf
  4483 | D:5      | Entered Level 5 of the Dungeon
  4811 | D:5      | Found an iron altar of Okawaru.
  5058 | D:5      | Reached skill level 1 in Evocations
  5058 | D:5      | Reached XP level 7. HP: 36/36 MP: 12/19
  5134 | D:5      | Reached skill level 1 in Short Blades
  5134 | D:5      | Reached skill level 7 in Spellcasting
  5202 | D:5      | Found a glowing golden altar of the Shining One.
  5206 | D:5      | Found a deep blue altar of Sif Muna.
  5211 | D:5      | Found a radiant altar of Vehumet.
  5349 | D:5      | Became a worshipper of Vehumet
  5497 | D:5      | Reached skill level 1 in Armour
  5552 | D:5      | Reached skill level 5 in Fire Magic
  5673 | D:5      | Noticed Pikel
  5702 | D:5      | HP: 2/55 [Pikel/whip of flaming (8)]
  5703 | D:5      | Slain by Pikel

Vault maps used:
D:1:      lightli_arrival_statuegarden, minmay_vboxes
D:2:      first_bread, makhleb_altar_promises_db, uniq_terence
D:3:      lemuel_doored_altar, kennysheep_slug_shrine, grunt_dithmenos_smoke,
          st_stairs_10
D:4:      uniq_crazy_yiuf_cottage
D:5:      gammafunk_temple_overflow_pools, minmay_overflow_temple_star_quad,
          okawaru_altar_gauntlet_db, grunt_pakellas_salt, uniq_pikel
Temple:   jpeg_temple_island

Skill      XL: |  1  2  3  4  5  6  7 |
---------------+----------------------+-----
Spellcasting   | 4 5 6 7 |  7.2
Conjurations   | 2 3 4 |  4.2
Fire Magic     | 4 5 |  5.0
Evocations     | 1 |  1.8
Short Blades   | 1 |  1.5
Armour         | 1 |  1.0
Dodging        | 3 |  3.0
Fighting       | |  0.7
Stealth        | |  2.4

Action                   |  1- 3 |  4- 6 |  7- 9 || total
-------------------------+-------+-------+-------++-------
Melee: Dagger            |    24 |    15 |    95 ||   134
 Cast: Flame Tongue      |    53 |   113 |    31 ||   197
       Throw Flame       |     3 |    48 |    10 ||    61
       Conjure Flame     |       |       |     1 ||     1
       Sticky Flame      |       |       |     1 ||     1
Evoke: Wand              |       |       |     1 ||     1
  Use: Scroll            |     4 |     5 |     1 ||    10
       Potion            |       |     9 |     1 ||    10
  Eat: Chunk             |       |    13 |     2 ||    15
Armor: Robe              |    16 |    11 |    12 ||    39
       Skin              |       |       |     2 ||     2
Dodge: Dodged            |    46 |    26 |    44 ||   116
